 Dungeon Crawl Stone Soup version 0.31.0-11-ge490571c62 (webtiles) character file.

Game seed: 3611645451981836502

395 qw the Skirmisher (level 6, -12/36 HPs)
             Began as a Deep Elf Hunter on Feb 3, 2024.
             Was an Initiate of Okawaru.
             Mangled by an ogre
             ... wielding a +0 giant club
              (20 damage)
             ... on level 5 of the Dungeon.
             The game lasted 00:00:12 (2337 turns).

qw the Skirmisher (Deep Elf Hunter)                 Turns: 2337, Time: 00:00:12

Health: -12/36     AC: 12    Str: 10    XL:     6   Next: 52%
Magic:  8/8        EV: 11    Int: 14    God:    Okawaru [......]
Gold:   137        SH:  0    Dex: 18    Spells: 5/5 levels left

rFire   + . .        a - +1 shortbow
rCold   + . .        (shield currently unavailable)
rNeg    + . .        j - +1 ring mail of Fun {rF+ rN+}
rPois   .            (no helmet)
rElec   .            n - +0 cloak
rCorr   .            (no gloves)
SInv    .            k - +0 pair of boots
Will    .....        (no amulet)
Stlth   +            h - +4 ring of protection
HPRegen 0.26/turn    f - ring of protection from cold
MPRegen 0.11/turn

%: no passive effects
@: about to teleport
A: no striking features
a: Renounce Religion


You were on level 5 of the Dungeon.
You worshipped Okawaru.
Okawaru was noncommittal.
You visited 2 branches of the dungeon, and saw 6 of its levels.

You collected 137 gold pieces.


   Skills:
 - Level 2.6 Fighting
 - Level 9.7 Ranged Weapons
 + Level 0.5 Armour
 - Level 2.4 Dodging
 - Level 1.2 Stealth


You had 5 spell levels left.
You didn't know any spells.
Your spell library was empty.

Inventory:

Hand Weapons
 a - a +1 shortbow (weapon)
Armour
 j - the +1 ring mail of Fun (worn) {rF+ rN+}
   (You took it off a goblin on level 2 of the Dungeon)

   rF+:       It protects you from fire.
   rN+:       It protects you from negative energy.
 k - a +0 pair of boots (worn)
 n - a +0 cloak (worn)
Jewellery
 f - a ring of protection from cold (right hand)
 h - a +4 ring of protection (left hand)
Wands
 b - a wand of flame (26)
Potions
 d - a potion of cancellation
 e - a potion of resistance
 g - a potion of curing {unknown}
 i - a potion of enlightenment {unknown}
 l - a potion of berserk rage {unknown}

Dungeon Overview and Level Annotations

Branches:
Dungeon (5/15)             Temple (1/1) D:4

Altars:
Cheibriados
Dithmenos
Elyvilon
Fedhas
Hepliaklqana
Kikubaaqudgha
Makhleb
Nemelex Xobeh
Okawaru
Qazlal
Ru
Sif Muna
Trog
Uskayaw
Vehumet
Wu Jian
Yredelemnul
Zin
The Shining One


Message History

HP restored.
A centaur comes into view.
You shoot an arrow. The arrow hits the centaur!
The centaur is heavily wounded.
The centaur wields a +0 shortbow.
The centaur shoots an arrow.
The arrow hits you!
An ogre comes into view. It is wielding a +0 giant club.
The centaur shoots an arrow.
The arrow barely misses you.
The ogre shouts!
You shoot an arrow. The arrow hits the centaur.
The centaur is heavily wounded.
You shoot an arrow.
The arrow hits the centaur but does no damage.
The centaur is heavily wounded.
The centaur shoots an arrow.
The arrow hits you.
You shoot an arrow. The arrow closely misses the ogre.
2332 ||| FLEEEEING.
The centaur shoots an arrow.
The arrow hits you but does no damage.
You shoot an arrow. The arrow hits the ogre.
The ogre is lightly wounded.
The centaur shoots an arrow.
The arrow hits you but does no damage.
You shoot an arrow. The arrow barely misses the ogre.
The ogre hits you with a +0 giant club.
You shoot an arrow. The arrow closely misses the ogre.
The arrow barely misses the centaur.
The ogre hits you with a +0 giant club!
The centaur unwields a +0 shortbow.
The centaur hits you but does no damage.
The centaur kicks you but does no damage.
2336 ||| READING scroll of teleportation.
As you read the scroll of teleportation, it crumbles to dust.
You feel strangely unstable.
The centaur hits you but does no damage.
The centaur barely misses you.
You shoot an arrow. The arrow hits the centaur.
The centaur is severely wounded.
The centaur hits you but does no damage.
The centaur barely misses you.
The ogre hits you with a +0 giant club!!
Ouch! That really hurt!
You die...

#...# ###### #.?.#
.....# #...# ####.#
#...# #.# #...# #.#
#...#
####.############c..#
......<.........@O%.#
####..................#
##################...#
.##


You could see an ogre and a centaur.

Vanquished Creatures
  A phantom (D:3)
  A bullfrog (D:3)
  A scorpion (D:3)
  A bombardier beetle (D:4)
  An orc priest (D:4)
  An orc wizard (D:4)
  3 adders
  2 ufetubi (D:5)
  3 dart slugs
  7 orcs
  6 bats
  3 endoplasms (D:4)
  A giant cockroach (D:3)
  2 goblins
  10 hobgoblins
  6 jackals
  4 kobolds
  5 ball pythons
  4 frilled lizards
  6 rats
68 creatures vanquished.

Notes
Turn   | Place    | Note
-------+----------+-------------------------------------------
     0 | D:1      | qw the Deep Elf Hunter began the quest for the Orb.
     0 | D:1      | Reached XP level 1. HP: 12/12 MP: 3/3
     0 | D:1      | 0 ||| qw: Version: 0.3-a-157-g843a77d
     0 | D:1      | 0 ||| qw: Game counter: 4045
     0 | D:1      | 0 ||| qw: Melee chars always use a shield: true
     0 | D:1      | 0 ||| qw: God list: Okawaru
     0 | D:1      | 0 ||| qw: Allow faded altars: false
     0 | D:1      | 0 ||| qw: Do Orc after clearing Dungeon:15 true
     0 | D:1      | 0 ||| qw: Do second Lair branch before Depths: true
     0 | D:1      | 0 ||| qw: Lair rune preference: random
     0 | D:1      | 0 ||| qw: Goals: Normal
     0 | D:1      | 0 ||| PLANNING D:1-11
   286 | D:1      | Reached XP level 2. HP: 16/16 MP: 4/4
   360 | D:1      | Reached skill level 6 in Ranged Weapons
   407 | D:1      | 407 ||| UPGRADING to +0 scale mail.
   417 | D:1      | 417 ||| DROPPING +0 leather armour.
   418 | D:1      | 418 ||| UPGRADING to +4 ring of protection.
   419 | D:1      | 419 ||| READING scroll labelled KULIHU SONIBUBB.
   520 | D:1      | 520 ||| DRINKING 2 fizzy silvery potions.
   521 | D:1      | 521 ||| DROPPING scroll of butterflies.
   723 | D:2      | Found a hide-covered altar of Uskayaw.
   767 | D:2      | Identified the +1 ring mail of Fun {rF+ rN+}
   776 | D:2      | Reached XP level 3. HP: 20/20 MP: 5/5
   947 | D:2      | 947 ||| UPGRADING to +1 ring mail of Fun {rF+ rN+}.
   957 | D:2      | 957 ||| DROPPING +0 scale mail.
   958 | D:2      | 958 ||| UPGRADING to ring of protection from cold.
   959 | D:2      | 959 ||| READING scroll labelled YGOQIFIGHU.
   963 | D:2      | 963 ||| READING scroll labelled KOUQOG ROKHOT.
   963 | D:2      | 963 ||| IDENTIFYING viscous dark potion
   964 | D:2      | 964 ||| READING scroll labelled QOKASEUGRO.
   964 | D:2      | 964 ||| ENCHANTING +0 shortbow.
   965 | D:2      | 965 ||| READING scroll labelled YBORHUCRYV.
   986 | D:3      | Found an ornate altar of the Wu Jian Council.
  1063 | D:3      | Reached skill level 7 in Ranged Weapons
  1129 | D:3      | Noticed a bullfrog
  1134 | D:3      | Killed a bullfrog
  1135 | D:3      | Reached skill level 8 in Ranged Weapons
  1135 | D:3      | Reached XP level 4. HP: 25/25 MP: 6/6
  1252 | D:3      | Noticed a scorpion
  1259 | D:3      | Killed a scorpion
  1260 | D:3      | Reached XP level 5. HP: 29/29 MP: 7/7
  1518 | D:3      | 1518 ||| UPGRADING to +0 pair of boots.
  1523 | D:3      | 1523 ||| READING scroll labelled DAMIN VOMUEWKE.
  1524 | D:3      | 1524 ||| READING scroll labelled ASABRI IRECUI.
  1525 | D:3      | 1525 ||| READING scroll labelled CUIGOENEYDD.
  1527 | D:3      | 1527 ||| Stepping ~*~*~tactically~*~*~ (cloud).
  1656 | D:4      | Noticed a phantom
  1662 | D:4      | 1662 ||| STAIRDANCE
  1665 | D:3      | Reached skill level 9 in Ranged Weapons
  1667 | D:4      | 1667 ||| STAIRDANCE
  1675 | D:3      | Killed a phantom
  1676 | D:3      | Reached XP level 6. HP: 34/36 MP: 8/8
  1701 | D:4      | 1701 ||| STAIRDANCE
  2048 | D:4      | Found a staircase to the Ecumenical Temple.
  2049 | D:4      | 2049 ||| PLANNING TEMPLE
  2049 | D:4      | 2049 ||| UPGRADING to +0 cloak.
  2054 | D:4      | 2054 ||| READING scroll labelled KUEDAO QIQECW.
  2065 | Temple   | Entered the Ecumenical Temple
  2066 | Temple   | 2066 ||| PLANNING OKAWARU WORSHIP
  2077 | Temple   | Became a worshipper of Warmaster Okawaru
  2078 | Temple   | 2078 ||| PLANNING D:1-11
  2261 | D:5      | Entered Level 5 of the Dungeon
  2332 | D:5      | 2332 ||| FLEEEEING.
  2335 | D:5      | HP: 7/36 [ogre/+0 giant club (16)]
  2336 | D:5      | 2336 ||| READING scroll of teleportation.
  2337 | D:5      | Mangled by an ogre

Levels and vault maps discovered:
D:1:      lightli_arrival_boilingwater, layout_rooms
D:2:      layout_basic, basic_altar
D:3:      layout_basic, pdpol_wu_jian_five_deadly_venoms
D:4:      layout_cave_pools, minmay_temple_entry_tees, serial_bayou_pond_a,
          serial_bayou_lagoon_b
D:5:      layout_loops_ring, mainiacjoe_overflow_cross_hatched, serial_shops,
          nicolae_shop_stone, uniq_menkaure, uniq_pikel, uniq_eustachio
Temple:   regret_index_temple_chain_breaker

Skill      XL: |  1  2  3  4  5 |
---------------+----------------+-----
Ranged Weapons | 6 8 9 |  9.7
Fighting       | 2 |  2.6
Armour         | |  0.5
Dodging        | |  2.4
Stealth        | |  1.2

Action                     |  1- 3 |  4- 6 || total
---------------------------+-------+-------++-------
   Fire: Shortbow          |    99 |   127 ||   226
    Use: Scroll            |     5 |     5 ||    10
         Potion            |     1 |       ||     1
 Armour: Leather armour    |    10 |       ||    10
         Scale mail        |     6 |       ||     6
         Ring mail         |     3 |    65 ||    68
  Dodge: Dodged            |    16 |    37 ||    53

Table legend:
 A = Non-vault XP
 B = Vault XP
 C = Vault XP percentage of total XP
 D = Non-vault monster count
 E = Vault monster count
 F = Vault count percentage of total count
                 A         B        C        D         E       F
            +---------+---------+-------+---------+---------+-------
      Total |     565 |       0 |   0.0 |      68 |       0 |   0.0
            +---------+---------+-------+---------+---------+-------
        D:1 |      18 |       0 |   0.0 |      11 |       0 |   0.0
        D:2 |      36 |       0 |   0.0 |      14 |       0 |   0.0
        D:3 |     337 |       0 |   0.0 |      22 |       0 |   0.0
        D:4 |     154 |       0 |   0.0 |      18 |       0 |   0.0
        D:5 |      20 |       0 |   0.0 |       3 |       0 |   0.0
            +---------+---------+-------+---------+---------+-------
